 Dungeon Crawl Stone Soup version 0.32-a0-43-g058985b (webtiles) character file.

Game seed: 17352748483986279650

889 Dorkslayer the Ruffian (level 8, -5/54 HPs)
             Began as an Octopode Fighter on Feb 3, 2024.
             Was a Follower of Dithmenos.
             Slain by a shadow (31 damage)
             ... on level 6 of the Dungeon.
             The game lasted 00:12:37 (4325 turns).

Dorkslayer the Ruffian (Octopode Fighter)           Turns: 4325, Time: 00:12:38

Health: -5/54      AC:  5    Str: 18    XL:     8   Next: 6%
Magic:  8/8        EV: 13    Int: 10    God:    Dithmenos [*.....]
Gold:   345        SH: 10    Dex: 11    Spells: 7/7 levels left

rFire   . .          .
                       - Unarmed
rCold   . . .        a - +1 buckler
rNeg    . . .        s - +0 hat
rPois   .            t - amulet of reflection
rElec   .            d - +4 ring of protection
rCorr   .            (no ring)
SInv    .            (no ring)
Will    .....        (no ring)
Stlth   ++++         (no ring)
HPRegen 0.29/turn    (no ring)
MPRegen 0.11/turn    (no ring)
                     (no ring)

%: reflection
@: wreathed by umbra
A: almost no armour, amphibious, 8 rings, camouflage 1, gelatinous body 1,
(nimble swimmer 1), tentacles
a: Renounce Religion


You were on level 6 of the Dungeon.
You worshipped Dithmenos.
Dithmenos was aware of your devotion.
You visited 2 branches of the dungeon, and saw 7 of its levels.

You collected 345 gold pieces.

Inventory:

Hand Weapons
 c - a +3 mace
 h - a +2 flail of holy wrath
 m - a +0 flail
Missiles
 j - 9 boomerangs
 o - 2 atropa-tipped darts (quivered)
Armour
 a - a +1 buckler (worn)
 s - a +0 hat (worn)
Jewellery
 d - a +4 ring of protection (left tentacle)
 t - an amulet of reflection (around mantle)
Talismans
 k - a blade talisman
Wands
 l - a wand of flame (17)
 q - a wand of light (11)
Scrolls
 e - a scroll of enchant armour
 f - a scroll of teleportation
 g - a scroll of immolation
 p - a scroll of blinking
Potions
 b - a potion of mutation {unknown}
 i - a potion of magic {unknown}
 n - a potion of heal wounds {unknown}
 r - 2 potions of curing {unknown}


   Skills:
 * Level 4.1 Fighting
 * Level 0.4 Maces & Flails
 + Level 0.1 Throwing
 + Level 4.2 Dodging
 + Level 3.0 Stealth
 * Level 4.1 Shields
 * Level 6.4 Unarmed Combat
 * Level 1.9 Evocations
 * Level 1.5 Shapeshifting


You had 7 spell levels left.
You didn't know any spells.
Your spell library contained the following spells:

 Spells                   Type           Power      Damage    Failure   Level
 Necrotise                Necr           0%         1d4       43%         1
 Scorch                   Fire           0%         2d5       56%         2
 Vampiric Draining        Necr           0%         2d6       80%         3
 Flame Wave               Conj/Fire      0%         2d4       99%         4
 Martyr's Knell           Necr/Summ      0%         N/A       99%         4
 Curse of Agony           Necr           0%         N/A       100%        5
 Summon Cactus Giant      Summ           0%         N/A       100%        6


Dungeon Overview and Level Annotations

Branches:
Dungeon (6/15)             Temple (1/1) D:4

Altars:
Ashenzari
Cheibriados
Dithmenos
Elyvilon
Fedhas
Kikubaaqudgha
Makhleb
Nemelex Xobeh
Okawaru
Qazlal
Sif Muna
Uskayaw
Wu Jian
Yredelemnul
Zin

Annotations:
D:5 3 runed translucent doors, MrRush's ghost, novice MiFi


Innate Abilities, Weirdness & Mutations

You cannot wear most types of armour.
You are amphibious.
You can wear up to eight rings at the same time.
Your skin changes colour to match your surroundings (Stealth+).
Your rubbery body absorbs attacks. (AC +1, EV +1)
((You are camouflaged when in or above water. (Stealth+)))
You have tentacles for arms and can constrict up to eight enemies at once.


Message History

The shadow is heavily damaged.
You tentacle-slap the shadow but do no damage.
The shadow is heavily damaged.
The shadow slips into darkness.
The shadow flickers and vanishes!
Deactivating autopickup; reactivate with Ctrl-A.
You miss something.
The shadow strikes at you from the darkness!
You closely miss something. Your squeeze misses something.
The shadow strikes at you from the darkness!
Reactivating autopickup.
You barely miss the shadow.
The shadow is heavily damaged.
The shadow slips into darkness.
The shadow flickers and vanishes!
Deactivating autopickup; reactivate with Ctrl-A.
You barely miss something. Your squeeze misses something.
The shadow strikes at you from the darkness!
Reactivating autopickup.
You tentacle-slap the shadow but do no damage.
Your tentacle-slap misses the shadow.
Your squeeze misses the shadow.
The shadow is heavily damaged.
The shadow closely misses you.
You tentacle-slap the shadow but do no damage.
The shadow is heavily damaged.
The shadow barely misses you.
You closely miss the shadow.
The shadow is heavily damaged.
The shadow hits you!
You barely miss the shadow.
The shadow is heavily damaged.
You tentacle-slap the shadow. You squeeze the shadow.
The shadow is severely damaged.
The shadow slips into darkness.
The shadow flickers and vanishes!
Deactivating autopickup; reactivate with Ctrl-A.
You tentacle-slap something.
The shadow strikes at you from the darkness!
Ouch! That really hurt!
You die...

######### .....<..# ######
## ...####.# #.... .###
##......###..### ...####
#......##..#... .......#
#..<.......#..{#....##.#
##......##.#...@###.##.##
##.....#⌠.##+##.⌠#..#..#
#.....#.........#.....#
#..#####.........##...#
#..#...#.......#...#..#
#..#...'..._...'...'..#
#..#...#.......#...#..#
####..#####.......#####..#
.........#.........#.....#


There were no monsters in sight!

Vanquished Creatures
  An ice beast (D:5)
  A centaur (D:4)
  A phantom (D:5)
  2 scorpions (D:4)
  A howler monkey (D:5)
  An orc priest (D:3)
  2 hounds
  Natasha (thrice) (D:2)
  A sleepcap (D:5)
  2 iguanas
  2 orc wizards
  3 gnolls (D:3)
  6 adders
  A shadow imp (D:5)
  6 dart slugs
  2 ribbon worms
  18 orcs
  3 ball pythons
  5 bats
  7 endoplasms
  A giant cockroach (D:4)
  9 goblins
  7 hobgoblins
  2 jackals (D:5)
  4 quokkas
  A frilled lizard (D:2)
  8 kobolds
  3 rats
103 creatures vanquished.

Notes
Turn   | Place    | Note
-------+----------+-------------------------------------------
     0 | D:1      | Dorkslayer the Octopode Fighter began the quest for the
                  | Orb.
     0 | D:1      | Reached XP level 1. HP: 16/16 MP: 1/1
   151 | D:1      | Reached XP level 2. HP: 8/21 MP: 2/2
   568 | D:1      | Reached XP level 3. HP: 26/26 MP: 3/3
   910 | D:2      | Noticed Natasha
   915 | D:2      | Killed Natasha
   916 | D:2      | Noticed Natasha
   927 | D:2      | Killed Natasha
   928 | D:2      | Reached skill level 3 in Unarmed Combat
   928 | D:2      | Reached XP level 4. HP: 2/31 MP: 4/4
  1138 | D:2      | Noticed Natasha
  1142 | D:2      | Killed Natasha
  1387 | D:2      | Reached XP level 5. HP: 36/36 MP: 5/5
  1543 | D:3      | Reached skill level 1 in Stealth
  1684 | D:3      | Found a basalt altar of Yredelemnul.
  1770 | D:3      | Reached skill level 4 in Unarmed Combat
  2107 | D:3      | Reached XP level 6. HP: 32/42 MP: 6/6
  2464 | D:3      | Found a hide-covered altar of Uskayaw.
  2519 | D:4      | Noticed a torpor snail
  2519 | D:4      | Noticed a torpor snail
  2521 | D:4      | Found a snail-covered altar of Cheibriados.
  2521 | D:4      | Noticed a torpor snail
  2534 | D:4      | Found a staircase to the Ecumenical Temple.
  2575 | Temple   | Entered the Ecumenical Temple
  2586 | Temple   | Became a worshipper of Dithmenos the Shadowed
  2678 | D:4      | Reached skill level 5 in Unarmed Combat
  2786 | D:4      | Reached skill level 1 in Evocations
  2786 | D:4      | Reached XP level 7. HP: 9/47 MP: 7/7
  3264 | D:5      | Entered Level 5 of the Dungeon
  3360 | D:5      | Reached * piety under Dithmenos
  3381 | D:5      | Reached skill level 1 in Shapeshifting
  3640 | D:5      | Found a runed translucent gate.
  3641 | D:5      | Found a runed translucent gate.
  3675 | D:5      | Noticed a wyvern
  3681 | D:5      | Noticed MrRush's ghost (novice MiFi)
  3702 | D:5      | Found a runed translucent gate.
  3781 | D:5      | Reached skill level 6 in Unarmed Combat
  3914 | D:5      | Reached XP level 8. HP: 45/54 MP: 8/8
  4248 | D:6      | Found a broken altar of Ashenzari.
  4299 | D:6      | Noticed a shadow
  4325 | D:6      | Slain by a shadow

Illustrated notes

Levels and vault maps discovered:
D:1:      dpeg_arrival_rhombi, layout_loops_ring
D:2:      layout_basic, item_on_display_a, uniq_natasha
D:3:      layout_loops_ring, nicolae_uskayaw_suspiria, general_overflow_altar
D:4:      layout_rooms, cheibriados_altar_2, minmay_temple_entry_slanted,
          grunt_ministairs_1
D:5:      layout_gridville, gammafunk_ghost_split, st_stairs_4
D:6:      kennysheep_six_static_rooms, layout_rooms,
          regret_index_xom_buried_treasure, evilmike_ruin_ashenzari,
          lemuel_flamethrower_1, uniq_sigmund
Temple:   jpeg_temple_clearing

Skill      XL: |  1  2  3  4  5  6  7 |
---------------+----------------------+-----
Unarmed Combat | 3 4 5 6 |  6.4
Stealth        | 1 2 3 |  3.0
Dodging        | 4 |  4.2
Evocations     | 1 |  1.9
Fighting       | 4 |  4.1
Shapeshifting  | 1 |  1.5
Shields        | 4 |  4.1
Maces & Flails | |  0.4
Throwing       | |  0.1

Action                     |  1- 3 |  4- 6 |  7- 9 || total
---------------------------+-------+-------+-------++-------
  Melee: Unarmed           |    51 |   147 |    86 ||   284
         Constrict         |    15 |    36 |    19 ||    70
         Tentacles         |    11 |    35 |    23 ||    69
         Punch             |       |     7 |     3 ||    10
  Throw: Boomerang         |       |       |     3 ||     3
    Use: Potion            |       |     3 |       ||     3
         Scroll            |       |     7 |     2 ||     9
   Stab: Sleeping          |     1 |     6 |     3 ||    10
         Invisible         |       |     2 |       ||     2
         Distracted        |       |       |     1 ||     1
 Armour: Skin              |    21 |    53 |    26 ||   100
  Dodge: Dodged            |    28 |    68 |    27 ||   123
  Block: Buckler           |     9 |    24 |    24 ||    57

Table legend: (Time is in decaauts)
 A = Elapsed time spent in this place.
 B = Non-inter-level travel time spent in this place.
 C = Inter-level travel time spent in this place.
 D = Time resting spent in this place.
 E = Time spent auto-exploring this place.
 F = Levels seen in this place.
 G = Mean time per level.
                   A        B        C        D        E       F      G
               +--------+--------+--------+--------+--------+-----+--------+
         Total |   4310 |   4310 |      0 |     75 |   2287 |   7 |  615.7 |
       Dungeon |   4287 |   4287 |      0 |     75 |   2287 |   6 |  714.5 |
        Temple |     22 |     22 |      0 |      0 |      0 |   1 |   22.0 |
               +--------+--------+--------+--------+--------+-----+--------+

Top non-repeatable levels by time:
     D:3: 1051 daAuts
     D:5: 966 daAuts
     D:1: 781 daAuts
     D:4: 730 daAuts
     D:2: 670 daAuts
     D:6: 88 daAuts
  Temple: 22 daAuts
